 Dungeon Crawl Stone Soup version 0.17-a0-1430-g49fde19 (webtiles) character file.

150223 Misa the Scorcher (level 16, 21/80 HPs)
             Began as a Deep Elf Fire Elementalist on June 1, 2015.
             Was the Champion of Vehumet.
             Quit the game on level 1 of the Abyss on June 25, 2015.
             The game lasted 04:19:05 (45288 turns).

Misa the Scorcher (Deep Elf Fire Elementalist)     Turns: 45288, Time: 04:19:05

Health: 21/80      AC: 14    Str:  2 (3)  XL:     16   Next: 98%
Magic:  16/37      EV: 11    Int: 33 (36) God:    Vehumet [******]
Gold:   2233       SH:  3    Dex: 11 (12) Spells: 11 memorised, 7 levels left

rFire  + . .     SeeInvis .     w - staff of fire
rCold  + . .     Rnd*Rage +     v - +2 robe {rC+ rF+}
rNeg   . . .     SustAt   .     J - +0 buckler
rPois  +         Gourm    .     K - +2 hat "Iptub" {rPois rF- Int+10 Dex-3}
rElec  .         Spirit   .     A - +0 cloak
rCorr  .         Warding  .     O - +1 pair of gloves
rMut   +         Rnd*Tele +     d - +2 pair of boots
MR     +....                    V - amulet of resist mutation
Stlth  ++........               g - ring of wizardry
                                s - ring of magical power

@: about to teleport, stone skin, delayed fireball, somewhat resistant to
hostile enchantments, unstealthy
A: berserk 1, blurry vision 2, deformed body, deterioration 2, dopey 1, frail 2,
low mp 3, screaming 3, teleportitis 1, weak 1, no device heal 1, subdued magic 1
a: Renounce Religion, Release Delayed Fireball


You were on level 1 of the Abyss.
You worshipped Vehumet.
Vehumet was exalted by your worship.
You were full.

You visited 4 branches of the dungeon, and saw 30 of its levels.
You visited the Abyss 1 time.

You collected 3470 gold pieces.
You spent 1237 gold pieces at shops.

Inventory:

Armour
 d - a +2 pair of boots (worn)
 l - a +0 helmet
 v - a +2 robe of resistance (worn)
 A - a +0 cloak (worn)
 J - a +0 buckler (worn)
 K - the +2 hat "Iptub" (worn) {rPois rF- Int+10 Dex-3}
   (You found it on level 14 of the Dungeon)

   It affects your intelligence (+10).
   It affects your dexterity (-3).
   It makes you vulnerable to fire.
   It protects you from poison.
 O - a +1 pair of gloves (worn)
Magical staves
 w - an uncursed staff of fire (weapon)
 U - a cursed staff of power
Jewellery
 g - a ring of wizardry (right hand)
 s - a ring of magical power (left hand)
 y - a cursed ring of teleportation
 H - the ring "Zubruube" {rF+ Str+3}
   (You found it on level 1 of the Elven Halls)

   [ring of protection from fire]

   It affects your strength (+3).
   It protects you from fire.
 N - the amulet "Muniur" {rCorr rPois Str+3 Int+3 Dex+2}
   (You took it off an orc high priest on level 3 of the Elven Halls)

   [amulet of resist corrosion]

   It protects you from acid and corrosion.
   It affects your strength (+3).
   It affects your intelligence (+3).
   It affects your dexterity (+2).
   It protects you from poison.
 S - an uncursed ring of flight
 V - an amulet of resist mutation (around neck)
 Y - an uncursed amulet of clarity
Magical devices
 p - a wand of digging (3)
 u - a wand of digging (11)
 B - a wand of disintegration (20)
 E - a wand of digging (4)
Scrolls
 a - 3 scrolls of enchant armour
 e - 4 scrolls of identify
 f - 4 scrolls of magic mapping
 h - 2 scrolls of fear
 i - 6 scrolls of teleportation
 o - 19 scrolls of remove curse
 r - 9 scrolls of fog
 z - 3 scrolls of blinking
 C - 3 scrolls of recharging
 I - a scroll of silence
 L - 3 scrolls of enchant weapon
 M - 7 scrolls of amnesia
Potions
 j - 4 potions of magic
 q - 2 potions of berserk rage
 t - 5 potions of haste
 D - a potion of mutation {unknown}
 F - 7 potions of curing
 G - a potion of brilliance
 Q - 2 potions of resistance
 R - a potion of cure mutation {unknown}
 T - 5 potions of agility
 Z - a potion of invisibility
Comestibles
 b - a slice of pizza
 c - 8 bread rations
 k - 15 meat rations
 n - 13 beef jerkies


   Skills:
 + Level 11.7 Fighting
 - Level 2.4 Dodging
 - Level 2.4 Stealth
 + Level 17.2 Spellcasting
 * Level 17.4 Conjurations
 * Level 17.7 Fire Magic
 - Level 5.5 Air Magic
 - Level 1.3 Poison Magic


You had 7 spell levels left.
You knew the following spells:

 Your Spells              Type           Power        Failure   Level  Hunger
a - Flame Tongue          Conj/Fire      #####        0%          1    None
b - Throw Flame           Conj/Fire      ######       0%          2    None
c - Inner Flame           Hex/Fire       ######..     0%          3    None
d - Fireball              Conj/Fire      #######...   0%          5    None
e - Call Imp              Summ           ###.....     1%          2    None
f - Poisonous Cloud       Conj/Pois/Air  ######....   1%          6    None
g - Bolt of Fire          Conj/Fire      #######...   1%          6    None
h - Stoneskin             Trmt/Erth      ###.....     1%          2    None
i - Iron Shot             Conj/Erth      ######....   1%          6    None
j - Orb of Destruction    Conj           #######...   1%          7    ####...
k - Delayed Fireball      Conj/Fire      N/A          1%          7    ####...


Dungeon Overview and Level Annotations

Branches:
Dungeon (15/15)            Temple (0/1) D:6            Lair (8/8) D:9
  Swamp (0/4) Lair:5       Spider (0/4) Lair:4        Slime (0/6) Lair:6
    Orc (4/4) D:11            Elf (3/3) Orc:4        Vaults (0/5) D:13
 Depths (0/5) D:15

Altars:
Ashenzari
Cheibriados
Dithmenos
Fedhas
Gozag
Makhleb
Nemelex Xobeh
Trog
Vehumet
Xom
Yredelemnul
Zin
Beogh

Shops:
D:4 (   D:8 ?   D:14 !   Orc:4 :[(*

Annotations:
Lair:7 exclusion: downstairs
Orc:3 exclusion: downstairs
Elf:1 Aizul
Elf:2 1 runed door, 1 exclusion


Innate Abilities, Weirdness & Mutations

[You tend to lose your temper in combat.]
[Scrolls take you longer to read.]
[Armour fits poorly on your strangely shaped body.]
[Your body often deteriorates upon taking damage.]
[You are dopey. (Int -2)]
[You are very frail (-20% HP).]
[Your magical capacity is extremely low (-30% MP).]
[You frequently scream uncontrollably at your foes.]
[You are occasionally teleported to nearby monsters.]
[You are weak. (Str -2)]
[Potions and wands are less effective at restoring your health.]
[Your spells are a little easier to cast, but a little less powerful.]


Message History

The worldbinder hits you but does no damage.
The ufetubus hits you but does no damage. x2
The worldbinder hits you but does no damage. x2
The orc priest disappears in a puff of smoke!
The large abomination hits you!
Your body deteriorates!
You feel dopey.
Found 6 javelins of returning.
The worldbinder calls forth creatures from the Orcish Mines!
The worldbinder calls forth creatures from the Orcish Mines!
The orc priest calls down the wrath of Beogh upon you.
Something smites you!
* * * LOW HITPOINT WARNING * * *
Your body deteriorates!
You feel dopey.
Found a scroll of identify.
Unknown command.
Drink which item? (? for menu, Esc to quit)
Okay, then.
Are you sure you want to abandon this character and quit the game? (Confirm with "yes".)
Okay, then.
Are you sure you want to abandon this character and quit the game? (Confirm with "yes".)

####
#.#.#..#.##...#.#
#.#...............#
#.................
#.###...........#
## #...........#
#.....x.....####
#......oT......#
#........X...(.#.
#.......5@......?
#..............##
#...#####......#
#... #......# #...
'....#.# #. '.....
# #..#### ...#


You could see a large abomination, a worldbinder, a troll, an orc priest and an
ufetubus.

Vanquished Creatures
  Rupert (Orc:4)
  A sphinx (D:13)
  The ghost of trantor the Fencer, a mighty HESk of Okawaru (Elf:2)
  Maud (Lair:7)
  3 orc warlords
  2 deep elf demonologists
  A deep elf death mage (Elf:1)
  An ettin (D:15)
  A deep elf high priest (Elf:2)
  A great orb of eyes (D:12)
  8 hydras
  4 ogre magi (D:15)
  A catoblepas (Lair:2)
  Erica (Lair:2)
  3 centaur warriors
  2 dancing weapons (Elf:2)
  6 orc high priests
  2 tengu warriors
  9 death yaks (Lair:7)
  Urug (Orc:3)
  7 deep elf knights
  10 skeletal warriors
  An iron troll (D:13)
  A wizard (D:14)
  A wolf spider zombie (D:15)
  2 unseen horrors
  Pikel (D:8)
  2 lindwurms (shapeshifter)
  5 deep elf summoners
  9 deep elf conjurers
  An oklob plant (Lair:4)
  10 hill giants
  3 orc knights
  2 griffons
  A wolf spider (D:15)
  10 orc sorcerers
  4 manticores
  10 ugly things
  A salamander (shapeshifter) (D:13)
  2 cyclopes
  A spiny frog (shapeshifter) (Elf:1)
  2 centaur zombies (D:14)
  18 elephants
  Joseph (Lair:1)
  A smoke demon (Abyss:1)
  5 centaur skeletons
  8 black mambas
  A torpor snail (Lair:4)
  5 spiny frogs
  A gargoyle (D:15)
  3 kobold demonologists
  2 yaktaurs
  A tengu conjurer (D:13)
  7 fire drakes
  8 komodo dragons
  A queen bee (D:8)
  7 deep elf priests
  3 trolls
  A polar bear (Lair:5)
  7 slime creatures
  25 blink frogs
  A large abomination (Abyss:1)
  4 two-headed ogres
  A snapping turtle (shapeshifter) (D:15)
  A spriggan (Lair:5)
  7 wraiths
  A trapdoor spider (D:14)
  A trapdoor spider (shapeshifter) (D:12)
  8 wyverns
  37 yaks
  29 deep elf magi
  Eustachio (D:6)
  7 basilisks
  4 vampire mosquitoes (D:12)
  A neqoxec (Abyss:1)
  3 hungry ghosts
  A mottled dragon (D:13)
  3 wargs
  22 deep elf fighters
  27 hippogriffs
  4 swamp worms (Lair:5)
  34 wolves
  14 porcupines
  A spider (Lair:4)
  17 water moccasins
  2 slaves (D:8)
  2 ice beasts
  7 sky beasts
  2 eyes of draining
  36 orc warriors
  4 black bears
  A wasp (D:13)
  17 ogres
  24 crocodiles
  16 centaurs
  The ghost of Lelling the Insei, an average OpTm of Sif Muna (D:4)
  2 big kobolds
  A gnoll sergeant (D:9)
  2 wyvern skeletons
  27 giant frogs
  6 scorpions
  34 killer bees
  17 wights
  An electric eel (Lair:5)
  8 crimson imps
  24 orc priests
  8 hounds
  3 quasits
  5 jellies
  2 giant frog skeletons
  A giant frog zombie (D:7)
  12 iguanas
  26 orc wizards
  12 worker ants
  2 sheep
  A hound zombie (D:5)
  2 worker ant zombies
  2 hound skeletons
  Robin (D:2)
  9 adders
  3 gnolls (D:9)
  35 river rats
  4 shadow imps
  5 oozes
  An adder zombie (D:6)
  7 worms
  7 giant geckos
  231 orcs
  2 bat skeletons
  3 giant cockroaches
  38 goblins
  33 hobgoblins
  15 jackals
  28 kobolds
  4 quokkas
  2 ball pythons
  23 bats
  A giant gecko skeleton (D:6)
  13 giant newts
  A hobgoblin zombie (D:5)
  2 quokka zombies
  17 rats
  2 bushes
  3 crawling corpses (Elf:2)
  14 fungi
  4 plants
1288 creatures vanquished.

Vanquished Creatures (collateral kills)
  2 slaves (D:8)
2 creatures vanquished.

Vanquished Creatures (others)
  3 crimson imps
  A shadow imp (D:5)
  A goblin (D:8)
  17 fungi
  8 plants
30 creatures vanquished.

Grand Total: 1320 creatures vanquished

Notes
Turn   | Place    | Note
--------------------------------------------------------------
     0 | D:1      | Misa the Deep Elf Fire Elementalist began the quest for the Orb.
     0 | D:1      | Reached XP level 1. HP: 10/10 MP: 6/6
   149 | D:1      | Reached XP level 2. HP: 15/15 MP: 5/8
   432 | D:1      | Learned a level 2 spell: Throw Flame
   531 | D:1      | Reached XP level 3. HP: 19/19 MP: 7/10
  1159 | D:2      | Noticed Robin
  1190 | D:2      | Killed Robin
  1190 | D:2      | Reached skill level 4 in Fire Magic
  1190 | D:2      | Reached XP level 4. HP: 20/24 MP: 0/11
  1622 | D:2      | Found a glowing silver altar of Zin.
  1675 | D:2      | Learned a level 3 spell: Inner Flame
  2145 | D:3      | Reached XP level 5. HP: 23/28 MP: 13/13
  2760 | D:5      | Entered Level 5 of the Dungeon
  2768 | D:4      | Found Xotiess's Weapon Shop.
  2799 | D:4      | Found a radiant altar of Vehumet.
  2800 | D:4      | Found a burning altar of Makhleb.
  2806 | D:4      | Reached skill level 5 in Spellcasting
  2810 | D:4      | Became a worshipper of Vehumet
  2975 | D:4      | Found a blossoming altar of Fedhas.
  3149 | D:4      | Reached skill level 5 in Fire Magic
  3149 | D:4      | Reached XP level 6. HP: 17/32 MP: 15/15
  3268 | D:4      | Learned a level 5 spell: Fireball
  3403 | D:4      | Noticed Lelling's ghost (average OpTm)
  3406 | D:4      | Killed Lelling's ghost
  3804 | D:5      | Found an opulent altar of Gozag.
  3815 | D:5      | Reached skill level 1 in Fighting
  3830 | D:5      | Learned a level 2 spell: Call Imp
  3960 | D:5      | Reached XP level 7. HP: 38/38 MP: 17/17
  4004 | D:5      | Found a shadowy altar of Dithmenos.
  4010 | D:5      | Acquired Vehumet's first power
  4010 | D:5      | Offered knowledge of Magic Dart by Vehumet.
  4106 | D:5      | Noticed a centaur
  4131 | D:5      | Killed a centaur
  4131 | D:5      | Reached skill level 6 in Spellcasting
  4626 | D:6      | Reached skill level 5 in Conjurations
  4699 | D:6      | Found a sparkling altar of Nemelex Xobeh.
  4705 | D:6      | Found a staircase to the Ecumenical Temple.
  4714 | D:6      | Noticed Eustachio
  4747 | D:6      | Killed Eustachio
  4967 | D:6      | Reached XP level 8. HP: 45/45 MP: 20/20
  5254 | D:6      | Reached skill level 7 in Spellcasting
  5462 | D:7      | Offered knowledge of Sandblast by Vehumet.
  5840 | D:7      | Found a basalt altar of Yredelemnul.
  6084 | D:7      | Reached skill level 8 in Spellcasting
  6391 | D:7      | Offered knowledge of Ignite Poison by Vehumet.
  6759 | D:8      | Reached XP level 9. HP: 45/52 MP: 10/23
  6766 | D:8      | Acquired Vehumet's second power
  7074 | D:8      | Found a shimmering altar of Xom.
  7298 | D:8      | Reached skill level 9 in Spellcasting
  7707 | D:8      | Offered knowledge of Dazzling Spray by Vehumet.
  7805 | D:8      | Found Aptask's Magic Scroll Shoppe.
  7809 | D:8      | Bought a scroll of identify for 28 gold pieces
  7809 | D:8      | Bought a scroll of identify for 28 gold pieces
  7809 | D:8      | Bought a scroll of remove curse for 42 gold pieces
  7809 | D:8      | Bought a scroll of remove curse for 42 gold pieces
  7809 | D:8      | Bought a scroll of enchant weapon for 105 gold pieces
  7809 | D:8      | Bought a scroll of amnesia for 49 gold pieces
  7809 | D:8      | Bought a scroll of fear for 49 gold pieces
  7809 | D:8      | Upgraded the game from 0.17-a0-1181-gabc46e6 to 0.17-a0-1195-g0639cb0
  7915 | D:8      | Noticed a queen bee
  7918 | D:8      | Killed a queen bee
  7920 | D:8      | Reached skill level 5 in Fighting
  8095 | D:8      | Got a polished chain mail
  8112 | D:8      | Identified the +3 chain mail of the Three Tales {Dex+3} (You found it on level 8 of the Dungeon)
  8125 | D:8      | Identified a +0 rod of shadows (10/10) (You found it on level 8 of the Dungeon)
  8152 | D:8      | Noticed Pikel
  8175 | D:8      | Killed Pikel
  8175 | D:8      | Reached skill level 10 in Spellcasting
  8175 | D:8      | Reached XP level 10. HP: 59/59 MP: 11/26
  8584 | D:9      | Acquired Vehumet's third power
  8759 | D:9      | Found a snail-covered altar of Cheibriados.
  8777 | D:9      | Found a staircase to the Lair.
  8787 | Lair:1   | Entered Level 1 of the Lair of Beasts
  9005 | D:9      | Offered knowledge of Lee's Rapid Deconstruction by Vehumet.
  9093 | D:9      | Found a bloodstained altar of Trog.
  9400 | D:9      | Found a shattered altar of Ashenzari.
  9426 | D:9      | Found a bloodstained altar of Trog.
  9638 | D:10     | Entered Level 10 of the Dungeon
  9812 | D:10     | Noticed a hill giant
  9933 | D:10     | Found a shimmering altar of Xom.
 10203 | D:10     | Killed a hill giant
 10203 | D:10     | Reached skill level 11 in Spellcasting
 10400 | D:11     | Noticed a hill giant
 10401 | D:11     | Reached skill level 10 in Fire Magic
 10499 | D:11     | Killed a hill giant
 10499 | D:11     | Reached XP level 11. HP: 66/66 MP: 14/28
 10976 | D:11     | Found a staircase to the Orcish Mines.
 10985 | Orc:1    | Entered Level 1 of the Orcish Mines
 11017 | Orc:1    | Offered knowledge of Bolt of Cold by Vehumet.
 11212 | D:11     | Noticed a hill giant
 11215 | D:11     | Killed a hill giant
 11424 | D:11     | Killed an unseen horror
 11637 | D:11     | Reached skill level 10 in Conjurations
 11804 | D:11     | Noticed a hill giant
 11808 | D:11     | Killed a hill giant
 11808 | D:11     | Reached skill level 12 in Spellcasting
 12187 | D:11     | Noticed a manticore
 12190 | D:11     | Killed a manticore
 12252 | D:12     | Noticed a hill giant
 12603 | Lair:1   | Noticed a black mamba
 12606 | Lair:1   | Killed a black mamba
 12720 | Lair:1   | Noticed Joseph
 12724 | Lair:1   | Killed Joseph
 13493 | Lair:2   | Noticed Erica
 13508 | Lair:2   | HP: 3/67 [komodo dragon (11)]
 13511 | Lair:2   | HP: 1/67 [poisoned by a water moccasin]
 13915 | Lair:2   | Reached XP level 12. HP: 71/73 MP: 2/30
 14061 | Lair:4   | Found a hole to the Spider Nest.
 14082 | Lair:3   | Noticed an eight-headed hydra
 14085 | Lair:3   | Reached skill level 13 in Spellcasting
 14086 | Lair:3   | Killed an eight-headed hydra
 14611 | Lair:3   | Offered knowledge of Poisonous Cloud by Vehumet.
 14619 | Lair:3   | Learned a level 6 spell: Poisonous Cloud
 15103 | Lair:3   | Reached skill level 1 in Air Magic
 15649 | Lair:2   | Killed Erica
 15975 | Lair:2   | Noticed a catoblepas
 16588 | Orc:2    | Found a roughly hewn altar of Beogh.
 17113 | Orc:3    | Noticed Rupert
 17116 | Orc:3    | Paralysed by Rupert for 5 turns
 17136 | Orc:4    | Entered Level 4 of the Orcish Mines
 17173 | Orc:4    | Noticed an orc warlord
 17749 | Orc:2    | Found a runed door.
 17813 | Orc:2    | Offered knowledge of Bolt of Magma by Vehumet.
 18027 | Orc:2    | Found a roughly hewn altar of Beogh.
 18618 | Orc:3    | Noticed an orc warlord
 18664 | Orc:3    | Killed an orc warlord
 18925 | Orc:3    | Noticed Urug
 18940 | Orc:3    | Reached XP level 13. HP: 58/80 MP: 23/32
 18946 | Orc:3    | Killed Urug
 20565 | Lair:2   | Killed a catoblepas
 21121 | Lair:3   | Reached skill level 14 in Spellcasting
 21452 | Lair:4   | Offered knowledge of Bolt of Fire by Vehumet.
 22214 | Lair:4   | Reached skill level 1 in Poison Magic
 23788 | Lair:5   | Reached skill level 5 in Air Magic
 24693 | Lair:5   | Reached XP level 14. HP: 52/86 MP: 28/34
 24834 | Lair:5   | Found a staircase to the Swamp.
 24990 | Lair:6   | Got a scorched hunting sling
 24991 | Lair:6   | Identified the +5 hunting sling "Qeloxacs" {flame, Str+2} (You found it on level 6 of the Lair of Beasts)
 25135 | Lair:6   | Upgraded the game from 0.17-a0-1195-g0639cb0 to 0.17-a0-1202-g2dd280d
 25580 | Lair:6   | Found a staircase to the Slime Pits.
 26432 | Lair:6   | Learned a level 6 spell: Bolt of Fire
 26435 | Lair:6   | Learned a level 2 spell: Stoneskin
 27204 | Lair:6   | Offered knowledge of Iron Shot by Vehumet.
 27231 | Lair:6   | Learned a level 6 spell: Iron Shot
 28209 | Lair:7   | Reached skill level 15 in Spellcasting
 28386 | Lair:7   | Reached skill level 10 in Fighting
 28642 | Lair:7   | Noticed Maud
 29008 | Lair:7   | Killed Maud
 29011 | Lair:8   | Entered Level 8 of the Lair of Beasts
 29367 | Lair:7   | Reached skill level 15 in Fire Magic
 30263 | Orc:4    | Paralysed by an orc sorcerer for 6 turns
 30626 | Orc:4    | Offered knowledge of Orb of Destruction by Vehumet.
 30637 | Orc:3    | Learned a level 7 spell: Orb of Destruction
 31900 | Orc:4    | Reached XP level 15. HP: 92/92 MP: 20/36
 32536 | Orc:4    | Found Ysow's General Store.
 32659 | Orc:4    | Bought a +1 pair of gloves for 161 gold pieces
 32659 | Orc:4    | Bought a potion of resistance for 140 gold pieces
 32659 | Orc:4    | Bought a scroll of teleportation for 42 gold pieces
 32694 | Orc:4    | Found Miathois's Antique Weapon Boutique.
 32702 | Orc:4    | Bought a steaming dire flail for 171 gold pieces
 32706 | Orc:4    | Identified the +4 dire flail of Ramucu {drain, *Corrode rF+ Dex+4} (You bought it in a shop on level 4 of the Orcish Mines)
 32745 | Orc:4    | Found a staircase to the Elven Halls.
 32784 | Orc:4    | Found Mepequhi's Book Shoppe.
 32807 | Orc:4    | Killed an orc warlord
 32807 | Orc:4    | Reached skill level 15 in Conjurations
 32880 | Orc:4    | Paralysed by Rupert for 7 turns
 32889 | Orc:4    | Killed Rupert
 33363 | Orc:4    | Found Tediras's Antique Armour Boutique.
 33535 | Orc:4    | Noticed an orc warlord
 33546 | Orc:4    | Killed an orc warlord
 33692 | Orc:4    | Upgraded the game from 0.17-a0-1202-g2dd280d to 0.17-a0-1295-gefc790a
 33709 | Elf:1    | Entered Level 1 of the Elven Halls
 33859 | Elf:1    | Found a radiant altar of Vehumet.
 33933 | Elf:1    | Offered knowledge of Delayed Fireball by Vehumet.
 33942 | Elf:1    | Learned a level 7 spell: Delayed Fireball
 34066 | Elf:1    | Upgraded the game from 0.17-a0-1295-gefc790a to 0.17-a0-1310-gaf4f4d6
 34466 | Elf:1    | Got a faintly glowing steel ring
 34467 | Elf:1    | Identified the ring "Zubruube" {rF+ Str+3} (You found it on level 1 of the Elven Halls)
 34912 | Elf:1    | Noticed Aizul
 35849 | Elf:1    | Reached skill level 16 in Spellcasting
 36692 | D:12     | Killed a hill giant
 36796 | D:12     | Noticed a hill giant
 36798 | D:12     | Killed a hill giant
 36818 | D:12     | Noticed a hill giant
 36822 | D:12     | Noticed a centaur warrior
 36822 | D:12     | Killed a hill giant
 36830 | D:12     | Killed a centaur warrior
 37584 | D:12     | Noticed a great orb of eyes
 37590 | D:12     | Killed a great orb of eyes
 37809 | D:12     | Upgraded the game from 0.17-a0-1310-gaf4f4d6 to 0.17-a0-1373-g64d4c99
 38106 | D:13     | Noticed a sphinx
 38110 | D:13     | Killed a sphinx
 38792 | D:13     | Found a gate to the Vaults.
 39354 | D:13     | Upgraded the game from 0.17-a0-1373-g64d4c99 to 0.17-a0-1430-g49fde19
 39615 | D:14     | Offered knowledge of Shatter by Vehumet.
 39615 | D:14     | Offered knowledge of Chain Lightning by Vehumet.
 39615 | D:14     | Offered knowledge of Tornado by Vehumet.
 39649 | D:14     | Reached XP level 16. HP: 100/100 MP: 9/38
 40100 | D:14     | Found Idul's Distillery.
 40103 | D:14     | Bought a potion of magic for 152 gold pieces
 40103 | D:14     | Bought a potion of curing for 57 gold pieces
 40103 | D:14     | Bought a potion of curing for 57 gold pieces
 40103 | D:14     | Bought a potion of curing for 57 gold pieces
 40103 | D:14     | Bought a potion of curing for 57 gold pieces
 40474 | D:14     | Got a crude hat
 40485 | D:14     | Identified the +2 hat "Iptub" {rPois rF- Int+10 Dex-3} (You found it on level 14 of the Dungeon)
 40730 | D:15     | Entered Level 15 of the Dungeon
 41250 | D:15     | Reached skill level 17 in Fire Magic
 41584 | D:15     | Found a staircase to the Depths.
 42965 | Elf:2    | Noticed trantor's ghost (mighty HESk)
 42970 | Elf:2    | Killed trantor's ghost
 43455 | Elf:3    | Entered Level 3 of the Elven Halls
 44045 | Elf:2    | Found a runed gate.
 44257 | Elf:3    | Found a portal to a secret trove of treasure.
 44623 | Elf:3    | Got a heavily runed golden amulet
 44864 | Elf:3    | Cast into the Abyss (a deep elf demonologist)
 44986 | Abyss:1  | Identified the amulet "Muniur" {rCorr rPois Str+3 Int+3 Dex+2} (You took it off an orc high priest on level 3 of the Elven Halls)
 45051 | Abyss:1  | Paralysed by a chaos spawn for 3 turns
 45052 | Abyss:1  | Noticed a lich
 45288 | Abyss:1  | Quit the game

Vault maps used:
D:1:      minmay_arrival_doors
D:2:      zin_academy, first_bread, corexii_leaking_fountain, uniq_robin
D:3:      minmay_lizard_king
D:4:      grunt_temple_overflow_lords_of_destruction, fedhas_altar_2,
          serial_shops, nicolae_shop_waterfront, minivault_4, nrook_uturn
D:5:      nicolae_dithmenos_through_a_glass_darkly,
          nicolae_overflow_crystal_walls, enter_ossuary_3,
          roderic_serpentine_path
D:6:      nemelex_xobeh_ov_fountains_minmay, minmay_temple_entry_large_hall,
          uniq_eustachio
D:7:      overflow_temple_1_default, serial_glass, glass_columns_a,
          glass_columns_c
D:8:      old_standard_altar, serial_shops, shop, david_nohive_1, uniq_pikel
D:9:      kennysheep_mini, slow_altar_1, due_lair_maze_entry_diamond,
          basic_altar, eino_jars, david_defended_altar_elf
D:10:     xom_teletrap_fun
D:11:     orc_0_dummy, minivault_27
D:12:     minmay_triangles_in_corner
D:13:     kennysheep_funnel, david_vaults_4, enter_bailey_2
D:14:     minmay_misc_feat_nine_boxes, serial_shops, nicolae_shop_trees,
          moated_statue
D:15:     hangedman_depths_entry_civil_slaughter, special_room,
          portal_ice_cave_entry_pillars_02
Lair:1:   uniq_joseph
Lair:2:   beast_lair_carwin_5, uniq_erica
Lair:4:   dummy_spider_entry, uniq_josephine
Lair:5:   nicolae_swamp_entry_splash_gauntlet, nicolae_quartered_pool_super,
          grunt_forest_stairs_clearing
Lair:6:   nicolae_slime_entry_slimehenge, bh_autumn_forest_stairs,
          serial_bayou_shore_a
Lair:7:   uniq_maud
Lair:8:   due_jungle_book, nicolae_volcano_entry_s_turn
Orc:2:    basic_altar, lightli_church_of_beogh
Orc:3:    nicolae_orc_pool_cavern, nicolae_orc_sculptors_studio, sword_in_stone,
          uniq_rupert
Orc:4:    grunt_orc_gardens, grunt_orc_garden, grunt_orc_garden,
          grunt_orc_garden, grunt_orc_garden, minmay_orc_barracks
Elf:1:    eino_elf_arrival_altar, hangedman_elf_disciples, uniq_aizul
Elf:3:    elf_hall_gauntlet_wide, enter_trove_1

Action                   |  1- 3 |  4- 6 |  7- 9 | 10-12 | 13-15 | 16-18 || total
-------------------------+-------+-------+-------+-------+-------+-------++-------
Melee: Club              |     8 |       |       |       |       |       ||     8
       Dagger            |    15 |    44 |    67 |    62 |       |       ||   188
       Quarterstaff      |       |       |       |    68 |    62 |       ||   130
       Staff             |       |       |       |       |    49 |     7 ||    56
       Morningstar       |       |       |       |       |    18 |       ||    18
 Cast: Flame Tongue      |    64 |   116 |   110 |     7 |     7 |       ||   304
       Throw Flame       |     4 |       |       |       |     4 |       ||     8
       Fireball          |       |     2 |    76 |   359 |   484 |   174 ||  1095
       Call Imp          |       |       |     8 |       |     3 |     1 ||    12
       Inner Flame       |       |       |     1 |     1 |     3 |       ||     5
       Poisonous Cloud   |       |       |       |    13 |   203 |    41 ||   257
       Iron Shot         |       |       |       |       |    15 |     5 ||    20
       Orb of Destructio |       |       |       |       |    31 |    20 ||    51
       Stoneskin         |       |       |       |       |     1 |     2 ||     3
       Bolt of Fire      |       |       |       |       |     7 |     1 ||     8
       Delayed Fireball  |       |       |       |       |     2 |       ||     2
 Abil: Release Delayed F |       |       |       |       |     1 |       ||     1
Evoke: Rod               |       |       |     2 |       |       |       ||     2
       Wand              |       |       |       |     3 |       |     2 ||     5
       Phantom mirror    |       |       |       |       |       |     1 ||     1
  Use: Scroll            |       |     2 |     4 |    15 |    15 |     3 ||    39
       Potion            |       |       |       |    10 |     3 |     5 ||    18
 Stab: Sleeping          |     3 |     5 |     4 |     1 |       |       ||    13
       Distracted        |       |       |       |       |     1 |       ||     1
  Eat: Chunk             |     1 |     9 |    23 |    58 |    92 |    18 ||   201
       Pizza             |       |       |     1 |     1 |     1 |       ||     3
       Bread ration      |       |       |     1 |       |     1 |       ||     2
       Fruit             |       |       |       |     5 |       |       ||     5
       Royal jelly       |       |       |       |     1 |     8 |       ||     9
       Meat ration       |       |       |       |       |       |     1 ||     1
       Beef jerky        |       |       |       |       |       |     1 ||     1
